 Dungeon Crawl Stone Soup version 0.30-a0-715-gdb4ae3ece1 (webtiles) character file.

Game seed: 5068907390866035049

67 Alitron123 the Cudgeller (level 4, -5/29 HPs)
             Began as a Gargoyle Berserker on Jan 23, 2023.
             Was a Follower of Trog.
             Slain by Terence
             ... wielding a +0 trident
              (6 damage)
             ... on level 2 of the Dungeon.
             The game lasted 00:01:35 (764 turns).

Alitron123 the Cudgeller (Gargoyle Berserker)        Turns: 764, Time: 00:01:36

Health: -5/29      AC: 12    Str: 22    XL:     4   Next: 18%
Magic:  4/4        EV:  8    Int:  8    God:    Trog [*.....]
Gold:   23         SH:  0    Dex:  9    Spells: 3/3 levels left

rFire   . . .      SeeInvis .    b - +0 flail
rCold   . . .      Faith    .    (no shield)
rNeg    + . .      Spirit   .    i - +0 chain mail
rPois   ∞          Reflect  .    (no helmet)
rElec   +          Harm     .    (no cloak)
rCorr   .          Rampage  .    (no gloves)
Will    ++...                    (no boots) Stlth
                                 (no amulet)
HPRegen 1.24/turn                (no ring)
MPRegen 0.09/turn                (no ring)

@: strong-willed (expiring), on berserk cooldown, regenerating (expiring),
slowed, very slow
A: sickness immunity, AC +3, negative energy resistance 1, electricity
resistance, torment resistance 1, petrification resistance
a: Renounce Religion, Berserk


You were on level 2 of the Dungeon.
You worshipped Trog.
Trog was aware of your devotion.
You visited 1 branch of the dungeon, and saw 2 of its levels.

You collected 23 gold pieces.

Inventory:

Hand Weapons
 b - a +0 flail (weapon)
Armour
 i - a +0 chain mail (worn)
Scrolls
 c - a scroll of immolation {unknown}
 d - a scroll of enchant weapon {unknown}
 h - 2 scrolls of identify {unknown}
Potions
 e - a potion of resistance {unknown}
 f - a potion of cancellation {unknown}
 g - a potion of curing {unknown}


   Skills:
 + Level 3.9 Fighting
 + Level 3.9 Maces & Flails
 + Level 2.4 Armour
 + Level 2.1 Dodging


You had 3 spell levels left.
You didn't know any spells.
Your spell library was empty.

Dungeon Overview and Level Annotations

Branches:
Dungeon (2/15)

Altars:

Annotations:
D:2 Jessica, Sigmund, Terence


Innate Abilities, Weirdness & Mutations

You are immune to sickness and miasma.
Your stone body is resilient. (AC +3)
You are immune to poison.
You resist negative energy. (rN+)
You are resistant to electric shocks. (rElec)
You are resistant to unholy torment.
You are immune to petrification.


Message History

You feel strong-willed.
You can no longer call upon Trog for regeneration and willpower.
The bat hits you but does no damage.
You closely miss the bat. The bat closely misses you.
Sigmund closely misses you.
Terence says, "Rest in peace."
Sigmund barely misses you. The bat barely misses you.
You closely miss the bat. You punch the bat.
You kill the bat!
Trog accepts your kill. Jessica gestures at you while chanting.
You resist with almost no effort. Terence barely misses you.
Sigmund hits you but does no damage.
Terence hits you from afar with a +0 trident.
Found a viscous purple potion.
Terence hits you but does no damage. Sigmund barely misses you.
Terence barely misses you.
You see here a bat corpse.
You sock Sigmund!
Sigmund is heavily wounded.
Sigmund hits you but does no damage.
Jessica says, "I'm really upset."
Terence hits you from afar with a +0 trident.
You hit Sigmund but do no damage.
Sigmund is heavily wounded.
Jessica barely misses you.
Terence hits you from afar with a +0 trident.
Sigmund hits you but does no damage. Jessica hits you with a +0 dagger.
Terence hits you but does no damage.
You hit Sigmund but do no damage.
Sigmund is heavily wounded.
You feel the effects of Trog's Hand fading.
Sigmund gestures at you while chanting. The puff of flame hits you!
* * * LOW HITPOINT WARNING * * *
Jessica hits you with a +0 dagger.
* * * LOW HITPOINT WARNING * * *
Terence hits you from afar with a +0 trident.
* * * LOW HITPOINT WARNING * * *
Terence hits you from afar with a +0 trident.
You die...

...P... .!# .......
P..# ....... ....
....... ..# ##
.......###.###..
P..............#
#.....@........
.##...@.@........
.....<...@........
..§§§$.)...........
..§§§§....?.........
...§§§....†.....P...
.~.~§.§......~~~....
~§~~§.......~~~~..##
§~§~§P.†...!~~~~.#..
.~~~...†....~~~~....


You could see Sigmund (empowered), Terence and Jessica.

Vanquished Creatures
  A scorpion zombie (D:2)
  An adder (D:2)
  4 ball pythons
  2 bats
  An endoplasm (D:1)
  5 giant cockroaches
  2 goblins (D:1)
  2 hobgoblins (D:1)
  A quokka (D:2)
  A ball python zombie (D:2)
  3 frilled lizards (D:1)
  5 kobolds (D:1)
  7 rats
35 creatures vanquished.

Vanquished Creatures (others)
  2 withered plants (D:2)
2 creatures vanquished.

Grand Total: 37 creatures vanquished

Notes
Turn   | Place    | Note
-------+----------+-------------------------------------------
     0 | D:1      | Alitron123 the Gargoyle Berserker began the quest for the
                  | Orb.
     0 | D:1      | Reached XP level 1. HP: 14/14 MP: 1/1
   147 | D:1      | Reached XP level 2. HP: 19/19 MP: 2/2
   438 | D:1      | Reached XP level 3. HP: 24/24 MP: 3/3
   468 | D:1      | Reached ** piety under Trog
   725 | D:2      | Reached XP level 4. HP: 27/29 MP: 4/4
   755 | D:2      | Noticed Sigmund
   756 | D:2      | Noticed Jessica
   756 | D:2      | Noticed Terence
   764 | D:2      | HP: 1/29 [Terence/+0 trident (2)]
   764 | D:2      | Slain by Terence

Illustrated notes

Levels and vault maps discovered:
D:1:      co_arrival_square_in_a_square_in_a_square, layout_basic,
          serial_curves, eino_curves_01, eino_curves_04
D:2:      layout_rooms, serial_undead, serial_undead_b, serial_undead_f,
          serial_undead_d, serial_undead_b, serial_undead_f, serial_undead_b,
          uniq_terence, uniq_jessica, uniq_sigmund

Skill      XL: |  1  2  3 |
---------------+----------+-----
Dodging        | 2 |  2.1
Fighting       | |  3.9
Maces & Flails | |  3.9
Armour         | |  2.4

Action                     |  1- 3 |  4- 6 || total
---------------------------+-------+-------++-------
  Melee: Mace              |    66 |       ||    66
         Punch             |     2 |     1 ||     3
         Flail             |    28 |    17 ||    45
 Invoke: Berserk           |     1 |     1 ||     2
         Trog's Hand       |       |     1 ||     1
 Armour: Animal skin       |    19 |       ||    19
         Chain mail        |    31 |    16 ||    47
  Dodge: Dodged            |    53 |    14 ||    67

Table legend: (Time is in decaauts)
 A = Elapsed time spent in this place.
 B = Non-inter-level travel time spent in this place.
 C = Inter-level travel time spent in this place.
 D = Time resting spent in this place.
 E = Time spent auto-exploring this place.
 F = Levels seen in this place.
 G = Mean time per level.
                   A        B        C        D        E       F      G
               +--------+--------+--------+--------+--------+-----+--------+
         Total |    809 |    736 |     73 |      0 |    465 |   2 |  404.5 |
       Dungeon |    809 |    736 |     73 |      0 |    465 |   2 |  404.5 |
               +--------+--------+--------+--------+--------+-----+--------+

Top non-repeatable levels by time:
     D:1: 708 daAuts
     D:2: 100 daAuts
